woodfighter, lawful female valkyrie Shieldmaiden --- ----- ------.-- |...---..*....| |.......<.....-- ---.--..........- |G@.|---..........- ...q--- --..--.......- -... ----|........- -.. -.......... G.- ...-.......... .Z- ..|. (.--........ >. ..|. --- --........ .... .. - ...---- -... ..- ..| ... --- -- -.. |. -- woodfighter the Shieldmaiden Experience level: 8 Strength: 18/02 Dexterity: 10 Constitution: 18 Intelligence: 8 Wisdom: 9 Charisma: 13 Health: 0(79) Energy: 21(21) Def: 13 Gold: 0 Moves: 6282 Dungeon seed [set]: Game ID: woodfighter_1678819664 Your Inventory: Weapons a - an uncursed +2 war hammer (weapon in hand) l - 5 uncursed +0 daggers (in quiver) Armor e - an uncursed +3 small shield (being worn) n - a cursed +0 helm of opposite alignment (being worn) q - a blessed greased +0 set of gray dragon scales (being worn) z - an uncursed +0 pair of speed boots (being worn) M - an uncursed +0 pair of gauntlets of dexterity (being worn) Y - an uncursed +0 dwarvish mithril-coat (being worn) Comestibles o - 3 uncursed lichen corpses E - 5 uncursed food rations U - an uncursed tin of spinach Wands d - an uncursed wand of digging (0:6) f - an uncursed wand of teleportation (0:5) Tools s - an uncursed bag of holding t - a cursed magic lamp (lit) y - an uncursed credit card V - an uncursed pair of lenses (being worn) W - an uncursed blindfold Contents of the bag of holding: an uncursed [+0] war hammer an uncursed sprig of wolfsbane a [uncursed] scroll of enchant armor a [uncursed] wand of make invisible [0:7] an uncursed wand of wishing [1:2] an uncursed [+0] pick-axe Spells and supernatural/magical abilities: Name Level Category Fail Memory W - pray for help -- divine ? -- Your skills at the end: Miscellaneous Skills shield [Basic] wands [Basic] Weapon Skills dagger [Basic] hammer [Skilled] Spellcasting Skills Final Attributes: You had strayed. You were cold resistant. You were sleep resistant. You were poison resistant. You were magic-protected. Your writing hand was ok. You had automatic searching. You were somewhat stealthy. You could fly. You were very fast. You are dead. Vanquished creatures: 2 giant mimics a large mimic a quantum mechanic a small mimic 3 Grey-elves a giant beetle a panther a mumak a giant spider an iron piercer a horse a gnome king an orc mummy a gold golem a dog 2 dingos a dwarf lord a blue jelly a water nymph a baby crocodile 3 Uruk-hai 6 gnome lords a gnomish wizard a gray ooze 3 elf zombies a ghoul a paper golem 5 giant ants a floating eye a kitten 13 dwarves 2 homunculi 5 iguanas 3 hill orcs a rabid rat a centipede 2 jitterbugs a giant bat a monkey an orc zombie 3 dwarf zombies a werejackal 3 hobbits 6 geckos 2 hobgoblins 9 giant rats 4 cave spiders 5 yellow molds 3 green molds 22 gnomes a garter snake 3 manes 2 gnome zombies 18 jackals 2 foxes 2 kobolds 10 newts a goblin 7 sewer rats 10 grid bugs 8 lichens 3 kobold zombies 202 creatures vanquished. Voluntary challenges: You did not cause conflict. You were not invisible. You did not have reflection. You did not donate to any temples.. You used a wielded weapon 286 times, starting on turn 18. You did not apply a unicorn horn. You did not use plumbed fixtures. You did not drink any magical draughts. You were illiterate. You never genocided any monsters. You never polymorphed an object. You never changed form. You completed Sokoban on turn 4559, according to the rules. You used 1 wish, starting on turn 6066. You did not wish for any artifacts. You did not use any artifacts. You never split a pudding. You never wrote Elbereth's name. You violated your moral code, losing 1 point of alignment, starting on turn 2142. You enabled loading special bones files. Dungeon overview: The Dungeons of Doom: levels 1 to 7 Level 1 a vault a long staircase Level 2 a potion shop, a fountain Level 3 an altar to Tyr Level 4 a fountain, a bench stairs to The Gnomish Mines Level 5 many fountains Level 6 (water) some fountains stairs to Sokoban Level 7 The Gnomish Mines: levels 5 to 9 Level 5 stairs to The Dungeons of Doom Level 6 Level 7 Level 8 many shops, a temple to Tyr, a magic chest, some fountains Level 9 <- You were here Sokoban: levels 2 to 5 Level 2 a magic chest Level 3 Level 4 Level 5 a magic chest stairs to The Dungeons of Doom History has recorded: On T:1 you entered the Dungeons of Doom to retrieve the Amulet of Yendor! On T:139 you reached level 2 of The Dungeons of Doom. On T:309 you reached level 3 of The Dungeons of Doom. On T:472 you advanced to experience level 2. On T:677 you reached level 4 of The Dungeons of Doom. On T:736 you advanced to experience level 3. On T:880 you reached level 1 of The Gnomish Mines. On T:995 you reached level 5 of The Dungeons of Doom. On T:1301 you advanced to experience level 4. On T:1508 you advanced to experience level 5. On T:1528 you reached level 6 of The Dungeons of Doom. On T:1759 you reached level 4 of Sokoban. On T:1807 you reached level 7 of The Dungeons of Doom. On T:1975 you advanced to experience level 6. On T:1978 you opened a magic chest. On T:2558 you reached level 3 of Sokoban. On T:3085 you reached level 2 of Sokoban. On T:3635 you reached level 1 of Sokoban. On T:4524 you advanced to experience level 7. On T:4559 you advanced to experience level 8. On T:4559 you entered the Sokoban zoo. On T:4971 you reached level 2 of The Gnomish Mines. On T:5357 you reached level 3 of The Gnomish Mines. On T:5626 you reached level 4 of The Gnomish Mines. On T:5890 you entered the Minetown temple On T:6066 you wished for "+3 blessed fixed greased gray dragon scales". On T:6194 you reached level 5 of The Gnomish Mines. Score breakdown: Gold: 0 ( 0 points) Experience: 8 levels ( 700 points) Exploration: 9 levels ( 240 points) Discoveries: 20 items ( 1000 points) Variety of kills: 62 monsters ( 2000 points) Major goal: finished Sokoban ( 1000 points) Survival: died (score multiplied by 3) Total score: 14820 Latest messages: You hit the dwarf! The dwarf wields a pick-axe! You kill the dwarf! There are a few objects here. The leocrotta misses. The leocrotta bites! The leocrotta claws you! You hit the leocrotta! The leocrotta claws you! The leocrotta bites! The leocrotta just misses! You hit the leocrotta! The leocrotta claws you! The leocrotta bites! The leocrotta misses. The gnomish wizard hurls a swirly potion! The swirly potion misses the leocrotta. The carafe crashes on your head and breaks into shards. Something seems to be holding you. The leocrotta claws you! The leocrotta bites! The leocrotta claws you! (2x) The leocrotta bites! The leocrotta misses. The leocrotta claws you! The leocrotta bites! You die... Final status: Goodbye woodfighter the Shieldmaiden, killed by a leocrotta, while frozen by potion vapours... You died in The Gnomish Mines on dungeon level 9 with 14820 points, and 0 pieces of gold, after 6282 moves. You were level 8 with a maximum of 79 hit points when you died.